AoeStats
← Jpaca98

MegaRandom

509692153Analyzed
4v4 RM · 4d ago on Sep 27, 2026· 37m 59s· 8 players
Game mode
Random Map
Map size
Large (8 player)
Population
200
Speed
Normal
Resources
Standard
Victory
Conquest
Starting age
Dark Age
Ending age
Imperial Age
RankedLock teamsTeams togetherTeam positionsShared explorationLock speedFull tech treeHidden civsTurbo modeCheats
Victory
Defeat
🇩🇪 Jurchens · Germany
798
+12
🇨🇱 Saxons · Chile
795
+12
🇦🇷 Byzantines · Argentina
788
+12
🇨🇴 Magyars · Colombia
784
+12
🇹🇷 Huns · Türkiye
743
-13
🇨🇳 Dravidians · China
729
-13
712
-12
🇨🇳 Teutons · China
647
-10
WINGER
12:10 Feudal Age
14:19 Double-Bit Axe
17:15 Castle Age
15:14 Horse Collar
17:23 Gold Mining
17:25 Stone Mining
21:21 Loom
23:08 Bow Saw
26:49 Pikeman
Buffy the Empire Slayer
0:44 Loom
14:35 Feudal Age
23:26 Castle Age
32:09 Fortified Wall
31:55 Murder Holes
34:41 Pikeman
BraniacTr
0:40 Loom
14:36 Feudal Age
16:23 Wheelbarrow
15:35 Double-Bit Axe
15:34 Horse Collar
15:57 Gold Mining
18:30 Stone Mining
25:26 Castle Age
25:11 Arson
26:46 Bow Saw
26:41 Heavy Plow
27:10 Hand Cart
27:07 Caravan
27:31 Scale Mail Armor
31:18 Pikeman
31:58 Squires
32:39 Gold Shaft Mining
33:47 Coinage
SENKAII
11:02 Feudal Age
15:58 Wheelbarrow
19:40 Castle Age
19:16 Double-Bit Axe
19:14 Horse Collar
20:57 Hand Cart
20:54 Bow Saw
Carrizuwu
11:28 Feudal Age
12:31 Loom
13:21 Wheelbarrow
19:59 Man-at-Arms
23:33 Castle Age
29:12 Man-at-Arms
29:39 Gambesons
29:55 Squires
29:42 Arson
30:36 Double-Bit Axe
30:33 Horse Collar
31:38 Caravan
38:44 Imperial Age
JUGGERNAUT |
0:49 Loom
16:18 Feudal Age
17:37 Wheelbarrow
16:47 Town Watch
16:51 Double-Bit Axe
19:04 Scale Barding Armor
21:33 Fletching
24:38 Castle Age
23:25 Bloodlines
26:55 Light Cavalry
27:35 Husbandry
29:44 Chain Barding Armor
34:46 Hand Cart
34:55 Bow Saw
34:59 Corvinian Army
39:59 Imperial Age
36:55 Elite Skirmisher
37:58 Bodkin Arrow
38:04 Scale Mail Armor
37:28 Pikeman
37:55 Arson
Jpaca98
0:39 Loom
13:35 Feudal Age
14:03 Double-Bit Axe
14:02 Horse Collar
16:07 Wheelbarrow
22:44 Castle Age
23:36 Gold Mining
26:45 Hand Cart
27:42 Gold Shaft Mining
27:01 Stone Mining
27:25 Gambesons
27:43 Squires
27:47 Husbandry
30:32 Scale Barding Armor
30:39 Forging
33:12 Greek Fire
33:26 Heavy Plow
34:07 Scale Mail Armor
FabiD
1:39 Loom
14:41 Feudal Age
15:10 Horse Collar
15:18 Double-Bit Axe
15:36 Gold Mining
16:24 Wheelbarrow
15:59 Stone Mining
16:27 Town Watch
23:50 Castle Age
22:17 Bloodlines
22:01 Man-at-Arms
24:01 Arson
25:01 Hand Cart
24:52 Scale Mail Armor
24:55 Padded Archer Armor
25:19 Fletching
25:14 Light Cavalry
26:10 Husbandry
29:19 Scale Barding Armor
33:22 Stone Shaft Mining
33:22 Gold Shaft Mining
33:01 Bow Saw
32:57 Heavy Plow
34:13 Town Patrol
35:24 Chain Barding Armor
34:41 Elite Skirmisher
36:48 Crossbowman
38:04 Forging
37:50 Bodkin Arrow
Connection lost

Rejoining the realm…

Still unreachable

The connection could not be restored.

Session expired

The server has moved on; the page needs a fresh start.